 Dungeon Crawl Stone Soup version 0.28.0 (webtiles) character file.

Game seed: 14053162350412991774

613 Findor the Cudgeller (level 7, -1/40 HPs)
             Began as a Gargoyle Gladiator on Feb 6, 2022.
             Was a Follower of Okawaru.
             Slain by a centaur (3 damage)
             ... on level 5 of the Dungeon.
             The game lasted 00:04:49 (4552 turns).

Findor the Cudgeller (Gargoyle Gladiator)           Turns: 4552, Time: 00:04:49

Health: -1/40      AC: 13    Str: 19    XL:     7   Next: 44%
Magic:  7/7        EV:  7    Int:  9    God:    Okawaru [*.....]
Gold:   167        SH:  0    Dex: 11    Spells: 6/6 levels left

rFire   + . .      SeeInvis .   a - +0 flail
rCold   + . .      Faith    .   (no shield)
rNeg    + . .      Spirit   .   k - +0 chain mail
rPois   ∞          Reflect  .   c - +0 helmet
rElec   +          Harm     .   (no cloak)
rCorr   .          Rampage  .   (no gloves)
Will    .....                   (no boots)
Stlth   ..........              (no amulet)
HPRegen 0.13/turn               i - ring of protection from cold
MPRegen 0.10/turn               m - ring of protection from fire

@: no status effects
A: sickness immunity, AC +4, negative energy resistance 1, electricity
resistance, torment resistance 1, petrification resistance
a: Renounce Religion, Heroism


You were on level 5 of the Dungeon.
You worshipped Okawaru.
Okawaru was aware of your devotion.
You visited 2 branches of the dungeon, and saw 6 of its levels.

You collected 167 gold pieces.


Innate Abilities, Weirdness & Mutations

You are immune to sickness and miasma.
Your stone body is resilient. (AC +4)
You are immune to poison.
You resist negative energy. (rN+)
You are resistant to electric shocks. (rElec)
You are resistant to unholy torment.
You are immune to petrification.


   Skills:
 - Level 2.1 Fighting
 * Level 7.9 Maces & Flails
 - Level 1.7 Throwing
 - Level 2.4 Dodging
 + Level 2.7 Shields


You had 6 spell levels left.
You didn't know any spells.
Your spell library contained the following spells:

 Spells                   Type           Power      Damage    Failure   Level
 Blink                    Tloc           0%         N/A       100%        2
 Corpse Rot               Necr/Air       0%         N/A       100%        2
 Dispel Undead            Necr           0%         3d6       100%        4
 Manifold Assault         Tloc           0%         N/A       100%        5
 Storm Form               Tmut/Air       0%         N/A       100%        7
 Death Channel            Necr           Unusable   N/A       N/A         6

Inventory:

Hand Weapons
 a - a +0 flail (weapon)
 q - a +0 great mace
   (You found it on level 4 of the Dungeon)
Missiles
 d - 3 throwing nets (quivered) {!f}
 g - 2 poisoned darts
Armour
 c - a +0 helmet (worn)
 k - a +0 chain mail (worn)
   (You found it on level 2 of the Dungeon)
 t - a +0 kite shield
   (You found it on level 4 of the Dungeon)
Jewellery
 i - a ring of protection from cold (left hand)
   (You found it on level 2 of the Dungeon)
 m - a ring of protection from fire (right hand)
   (You found it on level 3 of the Dungeon)
Scrolls
 f - a scroll of teleportation {unknown}
 l - 2 scrolls of noise {unknown}
 n - 2 scrolls of blinking {unknown}
 o - a scroll of vulnerability {unknown}
 p - a scroll of magic mapping {unknown}
 s - a scroll of holy word {unknown}
 u - a scroll of identify {unknown}
Potions
 b - 2 potions of lignification {unknown}
 e - 4 potions of brilliance {unknown}
 h - a potion of attraction {unknown}
 j - 5 potions of heal wounds {unknown}
 r - a potion of might {unknown}


Message History

Okawaru accepts your kill.
The centaur wields a +0 shortbow.
The centaur shoots an arrow.
The arrow hits you.
* * * LOW HITPOINT WARNING * * *
The centaur unwields a +0 shortbow.
The centaur hits you but does no damage.
The centaur kicks you.
* * * LOW HITPOINT WARNING * * *
Things that are here:
a +0 giant spiked club; an ogre corpse Unknown command.
You hit the centaur.
The centaur hits you but does no damage.
The centaur kicks you but does no damage.
The centaur hits you but does no damage.
The centaur kicks you but does no damage.
Unknown command.
Unknown command.
You barely miss the centaur.
The centaur hits you but does no damage.
The centaur kicks you.
* * * LOW HITPOINT WARNING * * *
You closely miss the centaur.
The centaur hits you but does no damage.
The centaur kicks you but does no damage.
The orc hits you but does no damage.
The centaur hits you but does no damage.
The centaur kicks you but does no damage.
You hit the centaur but do no damage.
The centaur hits you but does no damage.
The centaur barely misses you. The orc barely misses you.
You hit the centaur.
The centaur hits you but does no damage.
The centaur closely misses you. The orc barely misses you.
The centaur hits you but does no damage.
The centaur barely misses you.
You hit the centaur. Your punch misses the centaur. The centaur hits you.
* * * LOW HITPOINT WARNING * * *
The centaur kicks you.
* * * LOW HITPOINT WARNING * * *
The orc hits you but does no damage.
Unknown command.
Unknown command.
You hit the centaur but do no damage. The centaur hits you.
* * * LOW HITPOINT WARNING * * *
The centaur kicks you but does no damage.
The orc hits you with a +0 whip.
* * * LOW HITPOINT WARNING * * *
The centaur hits you.
You die...

#.#..##.##.≈......
.....##.##.≈.##### ≈.#
#.....#.##.≈.....# ..#
.....##....≈.#._.#.≈.#
###.#####..≈.#.....≈.#
#.# #..≈.#####.≈.##
#.# ##.≈.......≈..##
#+# #.≈≈≈≈≈≈≈≈≈....
#......@c..$#
###...##o.### ##.##
.## #...# .# .........
###...#### #..## #.##


You could see a centaur and an orc.

Vanquished Creatures
  A necrophage (D:4)
  2 ogres (D:5)
  A scorpion (D:5)
  A water moccasin skeleton (D:4)
  3 hounds (D:4)
  3 gnolls (D:4)
  6 adders
  An adder skeleton (D:4)
  5 dart slugs
  2 orcs
  4 ball pythons
  8 endoplasms
  5 giant cockroaches (D:1)
  6 hobgoblins
  4 jackals
  4 kobolds
  2 quokkas
  7 bats
  3 frilled lizards
  3 goblins (D:1)
  6 rats
77 creatures vanquished.

Vanquished Creatures (others)
  A gnoll (D:4)
1 creature vanquished.

Grand Total: 78 creatures vanquished

Notes
Turn   | Place    | Note
-------+----------+-------------------------------------------
     0 | D:1      | Findor the Gargoyle Gladiator began the quest for the Orb.
     0 | D:1      | Reached XP level 1. HP: 12/12 MP: 1/1
   183 | D:1      | Reached XP level 2. HP: 17/17 MP: 2/2
   620 | D:1      | Reached skill level 4 in Maces & Flails
   626 | D:1      | Reached XP level 3. HP: 16/21 MP: 3/3
  1264 | D:2      | Reached XP level 4. HP: 17/26 MP: 4/4
  1701 | D:2      | Reached skill level 5 in Maces & Flails
  2704 | D:3      | Found a runed translucent door.
  2704 | D:3      | Noticed Descartes's ghost (amateur DEWn)
  2864 | D:4      | Reached XP level 5. HP: 21/30 MP: 5/5
  3153 | D:4      | Reached skill level 6 in Maces & Flails
  3262 | D:4      | Found a staircase to the Ecumenical Temple.
  3297 | Temple   | Entered the Ecumenical Temple
  3557 | Temple   | Became a worshipper of Warmaster Okawaru
  3812 | D:4      | Reached XP level 6. HP: 27/35 MP: 6/6
  4062 | D:4      | Noticed a necrophage
  4073 | D:4      | Killed a necrophage
  4073 | D:4      | Reached * piety under Okawaru
  4074 | D:4      | Reached skill level 7 in Maces & Flails
  4074 | D:4      | Reached skill level 1 in Shields
  4173 | D:4      | Found a sacrificial altar of Ru.
  4369 | D:5      | Entered Level 5 of the Dungeon
  4391 | D:5      | Reached XP level 7. HP: 34/40 MP: 7/7
  4524 | D:5      | Found a shimmering blue altar of Sif Muna.
  4552 | D:5      | HP: 5/40 [centaur (5)]
  4552 | D:5      | HP: 2/40 [orc (3)]
  4552 | D:5      | Slain by a centaur

Levels and vault maps discovered:
D:1:      lordsloth_arrival_two_stooges, layout_rooms, serial_glass,
          glass_columns_c, glass_columns_c
D:2:      layout_basic
D:3:      layout_basic, hellmonk_ghost_happy_afterlife
D:4:      layout_basic, mainiacjoe_overflow_alcove_2, temple_hall,
          lemuel_flame_loot_1
D:5:      layout_loops_corners, general_overflow_altar,
          nicolae_overflow_crystal_walls, mainiacjoe_overflow_brackets,
          minmay_checkerbox
Temple:   compressed_dpeg_triangle_lava_temple

Action                   |  1- 3 |  4- 6 |  7- 9 || total
-------------------------+-------+-------+-------++-------
Melee: Flail             |   119 |   188 |    27 ||   334
       Punch             |       |     2 |       ||     2
Armor: Leather armour    |    59 |    23 |       ||    82
       Chain mail        |       |    89 |    26 ||   115
Dodge: Dodged            |   107 |   108 |    13 ||   228
